PCL
ALBUQUERQUE ISOTOPES @ MILE HIGH BRONCOS
07/13/2028
 
TOP OF THE 1ST
Albuquerque Isotopes batting - Pitching for Mile High Broncos : RHP Dan Bailey
Pitching: RHP Dan Bailey
Batting: LHB Ken Nelson 0-0: Called Strike
0-1: Called Strike
0-2: SOLO HOME RUN (Line Drive, 89XD), Distance : 418 ft
Batting: RHB Sam Wallace 0-0: Foul Ball, location: 2F
0-1: Ball
1-1: Foul Ball, location: 2F
1-2: Ball
2-2: DOUBLE (Flyball, 89D)
Batting: LHB Bernardo Montés 0-0: Foul Ball, location: 2F
0-1: Ball
1-1: Swinging Strike
1-2: Ball
2-2: Ball
3-2: Foul Ball, location: 2F
3-2: Foul Ball, location: 2F
3-2: Base on Balls
Batting: RHB Will Lott 0-0: Called Strike
0-1: Ball
1-1: Ball
2-1: Foul Ball, location: 2F
2-2: Grounds into double play, 6-4-3 (Groundball, 6)
Sam Wallace to third
Batting: LHB José González 0-0: Called Strike
0-1: Ball
1-1: Swinging Strike
1-2: Foul Ball, location: 2F
1-2: Ball
2-2: Ball
3-2: Base on Balls
Batting: RHB Raúl Bauza 0-0: Called Strike
0-1: Ball
1-1: Foul Ball, location: 2F
1-2: Ground out 1-3 (Groundball, 13S)
Top of the 1st over - 1 run(s), 2 hit(s), 0 error(s), 2 left on base; Albuquerque 1 - Mile High 0
BOTTOM OF THE 1ST
Mile High Broncos batting - Pitching for Albuquerque Isotopes : LHP Rick Wilson
Pitching: LHP Rick Wilson
Batting: LHB Ernesto López 0-0: Called Strike
0-1: Ball
1-1: SINGLE (Line Drive, 7LS)
Batting: RHB John Brown 0-0: Ball
1-0: Ball
2-0: Called Strike
2-1: Ball
3-1: Base on Balls
Ernesto López to second
Batting: LHB Dave Cook 0-0: Called Strike
0-1: Called Strike
0-2: Ball
1-2: Ball
2-2: Ball
3-2: Foul Ball, location: 2F
3-2: Fly out, F2 (Popup, 25)
Batting: RHB David Moran 0-0: Called Strike
0-1: Ball
Ernesto López steals 3rd base
John Brown to second
1-1: DOUBLE (Groundball, 5L)
Ernesto López scores
John Brown scores
Batting: RHB António Martínez 0-0: Foul Ball, location: 2F
0-1: Called Strike
0-2: Strikes out looking
Batting: RHB Raúl Ruíz 0-0: Ball
1-0: Called Strike
1-1: Called Strike
1-2: Strikes out swinging
Bottom of the 1st over - 2 run(s), 2 hit(s), 0 error(s), 1 left on base; Albuquerque 1 - Mile High 2
TOP OF THE 2ND
Albuquerque Isotopes batting - Pitching for Mile High Broncos : RHP Dan Bailey
Batting: LHB Héctor Soto 0-0: Ball
1-0: Ball
2-0: Ball
3-0: Called Strike
3-1: Base on Balls
Batting: RHB Jesse McKnight 0-0: Ball
1-0: Ball
2-0: Ball
3-0: Called Strike
3-1: Base on Balls
Héctor Soto to second
Batting: RHB Brett Bell 0-0: Foul Ball, location: 2F
0-1: Swinging Strike
0-2: Strikes out looking
Batting: LHB Ken Nelson 0-0: 3-RUN HOME RUN (Flyball, 9LD), Distance : 378 ft
Batting: RHB Sam Wallace 0-0: Ball
1-0: Called Strike
1-1: Ground out 6-3 (Groundball, 6)
Batting: LHB Bernardo Montés 0-0: Called Strike
0-1: Ball
1-1: Ball
2-1: Called Strike
2-2: Strikes out looking
Top of the 2nd over - 3 run(s), 1 hit(s), 0 error(s), 0 left on base; Albuquerque 4 - Mile High 2
BOTTOM OF THE 2ND
Mile High Broncos batting - Pitching for Albuquerque Isotopes : LHP Rick Wilson
Batting: LHB Tony Báez 0-0: Called Strike
0-1: Ball
1-1: Ground out 6-3 (Groundball, 6)
Batting: RHB Edward Williams 0-0: Ball
1-0: Ball
2-0: Ball
3-0: Base on Balls
Batting: SHB Pedro Martínez 0-0: Ball
1-0: Ball
2-0: Grounds into double play, 6-4-3 (Groundball, 6)
Bottom of the 2nd over - 0 run(s), 0 hit(s), 0 error(s), 0 left on base; Albuquerque 4 - Mile High 2
TOP OF THE 3RD
Albuquerque Isotopes batting - Pitching for Mile High Broncos : RHP Dan Bailey
Batting: RHB Will Lott 0-0: Called Strike
0-1: Ball
1-1: Foul Ball, location: 2F
1-2: Ground out 6-3 (Groundball, 6S)
Batting: LHB José González 0-0: Foul Ball, location: 2F
0-1: Ball
1-1: Ball
2-1: SINGLE (Groundball, 4D)
Batting: RHB Raúl Bauza 0-0: Ball
1-0: Fly out, F7 (Flyball, 78D)
Batting: LHB Héctor Soto 0-0: Ball
1-0: Ball
2-0: Foul Ball, location: 2F
2-1: Ball
3-1: Base on Balls
José González to second
Batting: RHB Jesse McKnight 0-0: Foul Ball, location: 2F
0-1: Called Strike
0-2: Ball
1-2: Foul Ball, location: 2F
1-2: SINGLE (Line Drive, 3D)
José González to third
Héctor Soto to second
Runner from 3rd tries for Home, SAFE, no throw
Batting: RHB Brett Bell 0-0: Fielders Choice at 2nd, 6-4 (Groundball, 6)
Top of the 3rd over - 1 run(s), 2 hit(s), 0 error(s), 1 left on base; Albuquerque 5 - Mile High 2
BOTTOM OF THE 3RD
Mile High Broncos batting - Pitching for Albuquerque Isotopes : LHP Rick Wilson
Batting: LHB Ernesto López 0-0: Called Strike
0-1: Ball
1-1: Fly out, F9 (Flyball, 9S)
Batting: RHB John Brown 0-0: Ball
1-0: Swinging Strike
1-1: Foul Ball, location: 2F
1-2: Foul Ball, location: 2F
1-2: Ball
2-2: Strikes out swinging
Batting: LHB Dave Cook 0-0: Called Strike
0-1: Swinging Strike
0-2: Strikes out looking
Bottom of the 3rd over - 0 run(s), 0 hit(s), 0 error(s), 0 left on base; Albuquerque 5 - Mile High 2
TOP OF THE 4TH
Albuquerque Isotopes batting - Pitching for Mile High Broncos : RHP Dan Bailey
Batting: LHB Ken Nelson 0-0: Ball
1-0: Ball
2-0: Called Strike
2-1: Ball
3-1: Base on Balls
Batting: RHB Sam Wallace 0-0: Fly out, F9 (Flyball, 9LS)
Batting: LHB Bernardo Montés 0-0: Ball
1-0: Fly out, F9 (Flyball, 9)
Batting: RHB Will Lott 0-0: Ball
1-0: Called Strike
1-1: Ball
2-1: Called Strike
2-2: Foul Ball, location: 2F
2-2: Ball
3-2: Strikes out swinging
Top of the 4th over - 0 run(s), 0 hit(s), 0 error(s), 1 left on base; Albuquerque 5 - Mile High 2
BOTTOM OF THE 4TH
Mile High Broncos batting - Pitching for Albuquerque Isotopes : LHP Rick Wilson
Batting: RHB David Moran 0-0: Ball
1-0: Ball
2-0: Fly out, F8 (Flyball, 8LM)
Batting: RHB António Martínez 0-0: Ball
1-0: Called Strike
1-1: Ball
2-1: Called Strike
2-2: Ball
3-2: Strikes out swinging
Batting: RHB Raúl Ruíz 0-0: Foul Ball, location: 2F
0-1: Called Strike
0-2: Ball
1-2: Foul Ball, location: 2F
1-2: Ground out U3 (Groundball, 3)
Bottom of the 4th over - 0 run(s), 0 hit(s), 0 error(s), 0 left on base; Albuquerque 5 - Mile High 2
TOP OF THE 5TH
Albuquerque Isotopes batting - Pitching for Mile High Broncos : RHP Dan Bailey
Pitching: LHP Domingo Morales
Batting: LHB José González 0-0: Ball
1-0: Ball
2-0: Foul Ball, location: 2F
2-1: Foul Ball, location: 2F
2-2: Foul Ball, location: 2F
2-2: Strikes out swinging
Batting: RHB Raúl Bauza 0-0: Swinging Strike
0-1: Ball
1-1: Foul Ball, location: 2F
1-2: Foul Ball, location: 2F
1-2: Foul Ball, location: 2F
1-2: Fly out, F9 (Flyball, 9D)
Batting: LHB Héctor Soto 0-0: Ball
1-0: Called Strike
1-1: Ball
2-1: Ball
3-1: Base on Balls
Batting: RHB Jesse McKnight 0-0: Called Strike
0-1: Ball
1-1: Foul Ball, location: 2F
1-2: Foul Ball, location: 2F
1-2: Foul Ball, location: 2F
1-2: Ball
2-2: Foul Ball, location: 2F
2-2: Foul Ball, location: 2F
2-2: TRIPLE (Flyball, 8LXD)
Héctor Soto scores
Batting: RHB Brett Bell 0-0: Called Strike
0-1: Ball
1-1: Ball
2-1: Foul Ball, location: 2F
2-2: Foul Ball, location: 2F
2-2: Foul Ball, location: 2F
2-2: Strikes out swinging
Top of the 5th over - 1 run(s), 1 hit(s), 0 error(s), 1 left on base; Albuquerque 6 - Mile High 2
BOTTOM OF THE 5TH
Mile High Broncos batting - Pitching for Albuquerque Isotopes : LHP Rick Wilson
Batting: LHB Tony Báez 0-0: Ground out U3 (Groundball, 3)
Batting: RHB Edward Williams 0-0: Ball
1-0: Called Strike
1-1: Ball
2-1: Ball
3-1: Foul Ball, location: 2F
3-2: Ground out 6-3 (Groundball, 56)
Batting: SHB Pedro Martínez 0-0: Called Strike
0-1: Ball
1-1: Ground out 4-3 (Groundball, 4)
Bottom of the 5th over - 0 run(s), 0 hit(s), 0 error(s), 0 left on base; Albuquerque 6 - Mile High 2
TOP OF THE 6TH
Albuquerque Isotopes batting - Pitching for Mile High Broncos : LHP Domingo Morales
Pitching: LHP Jorge García
Batting: LHB Ken Nelson 0-0: Ball
1-0: Called Strike
1-1: Ball
2-1: Ball
3-1: Base on Balls
Batting: RHB Sam Wallace 0-0: Called Strike
0-1: Ball
1-1: Ball
2-1: Called Strike
2-2: Ball
3-2: Base on Balls
Ken Nelson to second
Batting: LHB Bernardo Montés 0-0: Swinging Strike
0-1: Ball
1-1: Called Strike
1-2: Foul Ball, location: 2F
1-2: Ball
2-2: SINGLE (Groundball, 34D)
Ken Nelson to third
Sam Wallace to second
Batting: RHB Will Lott 0-0: Ball
1-0: Ball
2-0: Ball
3-0: Foul Ball, location: 2F
3-1: Swinging Strike
3-2: Strikes out looking
Pitching: RHP Denny Green
Batting: LHB José González 0-0: Ball
1-0: Ball
2-0: Called Strike
2-1: Swinging Strike
2-2: DOUBLE (Line Drive, 89D)
Ken Nelson scores
Sam Wallace scores
Bernardo Montés to third
Batting: RHB Raúl Bauza 0-0: Ball
1-0: SINGLE (Line Drive, 9)
Bernardo Montés scores
José González to third
Batting: LHB Héctor Soto 0-0: Called Strike
0-1: Foul Ball, location: 2F
0-2: Ball
1-2: Foul Ball, location: 2F
1-2: SINGLE (Flyball, 7S)
José González scores
Raúl Bauza to second
Batting: RHB Jesse McKnight 0-0: Ball
1-0: Ball
2-0: Grounds into double play, 6-4-3 (Groundball, 6)
Top of the 6th over - 4 run(s), 4 hit(s), 0 error(s), 1 left on base; Albuquerque 10 - Mile High 2
BOTTOM OF THE 6TH
Mile High Broncos batting - Pitching for Albuquerque Isotopes : LHP Rick Wilson
Batting: LHB Ernesto López 0-0: Ball
1-0: TRIPLE (Line Drive, 8RD)
Batting: RHB John Brown 0-0: Called Strike
0-1: Ball
1-1: Foul Ball, location: 2F
1-2: Ball
2-2: Strikes out swinging
Batting: LHB Dave Cook 0-0: Ball
1-0: Ball
2-0: Called Strike
2-1: Ball
3-1: DOUBLE (Flyball, 78D)
Ernesto López scores
Batting: RHB David Moran 0-0: Called Strike
0-1: Called Strike
0-2: Ball
1-2: SINGLE (Groundball, 34D)
Dave Cook to third
Batting: RHB António Martínez 0-0: Foul Ball, location: 2F
0-1: Foul Ball, location: 2F
0-2: Foul Ball, location: 2F
0-2: Grounds into double play, 6-4-3 (Groundball, 6)
Bottom of the 6th over - 1 run(s), 3 hit(s), 0 error(s), 1 left on base; Albuquerque 10 - Mile High 3
TOP OF THE 7TH
Albuquerque Isotopes batting - Pitching for Mile High Broncos : RHP Denny Green
Batting: RHB Brett Bell 0-0: Called Strike
0-1: Foul Ball, location: 2F
0-2: Ball
1-2: Ball
2-2: DOUBLE (Groundball, 5L)
Pinch Runner at 2nd Juan Vareas:
Batting: LHB Ken Nelson 0-0: Called Strike
0-1: Ball
1-1: Ground out 6-3 (Groundball, 6)
Pitching: RHP David Bailey
Batting: RHB Sam Wallace 0-0: Foul Ball, location: 2F
0-1: Ball
1-1: Called Strike
1-2: Strikes out swinging
Batting: LHB Bernardo Montés 0-0: Called Strike
0-1: Ball
1-1: Foul Ball, location: 2F
1-2: Foul Ball, location: 2F
1-2: Strikes out swinging
Top of the 7th over - 0 run(s), 1 hit(s), 0 error(s), 1 left on base; Albuquerque 10 - Mile High 3
BOTTOM OF THE 7TH
Mile High Broncos batting - Pitching for Albuquerque Isotopes : LHP Rick Wilson
Now at C: Juan Vareas
Batting: RHB Raúl Ruíz 0-0: Foul Ball, location: 2F
0-1: Foul Ball, location: 2F
0-2: Ball
1-2: Ball
2-2: Foul Ball, location: 2F
2-2: Foul Ball, location: 2F
2-2: Ball
3-2: Ground out 4-3 (Groundball, 4D)
Batting: LHB Tony Báez 0-0: Ball
1-0: DOUBLE (Line Drive, 7LS)
Pitching: RHP Brad Flores
Batting: RHB Edward Williams 0-0: Called Strike
0-1: Called Strike
0-2: Strikes out swinging
Batting: SHB Pedro Martínez 0-0: Called Strike
0-1: Swinging Strike
0-2: Ball
1-2: 2-RUN HOME RUN (Line Drive, 89XD) (Inside the Park)
Batting: LHB Ernesto López 0-0: Ball
1-0: Fly out, F7 (Flyball, 78D)
Bottom of the 7th over - 2 run(s), 2 hit(s), 0 error(s), 0 left on base; Albuquerque 10 - Mile High 5
TOP OF THE 8TH
Albuquerque Isotopes batting - Pitching for Mile High Broncos : RHP David Bailey
Batting: RHB Will Lott 0-0: Ball
1-0: Ground out 6-3 (Groundball, 6)
Batting: LHB José González 0-0: Swinging Strike
0-1: Swinging Strike
0-2: Foul Ball, location: 2F
0-2: Hit by Pitch
Batting: RHB Raúl Bauza 0-0: Ball
1-0: Ball
2-0: Foul Ball, location: 2F
2-1: Ball
3-1: SINGLE (Line Drive, 89S)
José González to second
Batting: LHB Héctor Soto 0-0: Ball
1-0: Called Strike
1-1: Foul Ball, location: 2F
1-2: Ball
2-2: Strikes out looking
Batting: RHB Jesse McKnight 0-0: Ball
1-0: Ball
2-0: Foul Ball, location: 2F
2-1: Foul Ball, location: 2F
2-2: Fly out, F4 (Popup, 4D)
Top of the 8th over - 0 run(s), 1 hit(s), 0 error(s), 2 left on base; Albuquerque 10 - Mile High 5
BOTTOM OF THE 8TH
Mile High Broncos batting - Pitching for Albuquerque Isotopes : RHP Brad Flores
Now at SS: Luis Martínez
Now in CF: Lorenzo Ayala
Batting: RHB John Brown 0-0: Ball
1-0: Ball
2-0: Called Strike
2-1: Ground out 5-3 (Groundball, 56)
Batting: LHB Dave Cook 0-0: Ball
1-0: Called Strike
1-1: Ball
2-1: Ball
3-1: Swinging Strike
3-2: Base on Balls
Batting: RHB David Moran 0-0: Ball
Passed Ball!
Dave Cook to second
1-0: Ground out 6-3 (Groundball, 6S)
Dave Cook to third
Batting: RHB António Martínez 0-0: Ball
1-0: Called Strike
1-1: Ball
2-1: Ball
3-1: Swinging Strike
3-2: Foul Ball, location: 2F
3-2: SINGLE (Line Drive, 34)
Dave Cook scores
Pitching: RHP Shiki Kanno
Batting: RHB Raúl Ruíz 0-0: Ball
1-0: Foul Ball, location: 2F
1-1: Ball
2-1: Fly out, F9 (Line Drive, 9)
Bottom of the 8th over - 1 run(s), 1 hit(s), 0 error(s), 1 left on base; Albuquerque 10 - Mile High 6
TOP OF THE 9TH
Albuquerque Isotopes batting - Pitching for Mile High Broncos : RHP David Bailey
Batting: RHB Juan Vareas 0-0: Called Strike
0-1: Ball
1-1: Fly out, F7 (Flyball, 78S)
Batting: LHB Ken Nelson 0-0: Swinging Strike
0-1: Ball
1-1: Foul Ball, location: 2F
1-2: Ball
2-2: Ball
3-2: Foul Ball, location: 2F
3-2: Base on Balls
Batting: RHB Sam Wallace 0-0: Ball
Ken Nelson steals 2nd base
1-0: Ball
2-0: Called Strike
2-1: Fly out, F4 (Popup, 34)
Batting: LHB Bernardo Montés 0-0: Ball
1-0: Ball
2-0: Called Strike
2-1: Ball
Wild Pitch!
Ken Nelson to third
3-1: Base on Balls
Batting: RHB Will Lott 0-0: Called Strike
0-1: Fly out, F8 (Flyball, 8RM)
Top of the 9th over - 0 run(s), 0 hit(s), 0 error(s), 2 left on base; Albuquerque 10 - Mile High 6
BOTTOM OF THE 9TH
Mile High Broncos batting - Pitching for Albuquerque Isotopes : RHP Shiki Kanno
Pitching: LHP Austin Wall
Batting: LHB Tony Báez 0-0: Swinging Strike
0-1: Ball
1-1: Foul Ball, location: 2F
1-2: Ball
2-2: Foul Ball, location: 2F
2-2: Strikes out swinging
Batting: RHB Edward Williams 0-0: Ball
1-0: Called Strike
1-1: SINGLE (Line Drive, 7LS)
Batting: SHB Pedro Martínez 0-0: Foul Ball, location: 2F
0-1: Called Strike
0-2: Ball
1-2: Strikes out swinging
Batting: LHB Ernesto López 0-0: Foul Ball, location: 2F
0-1: Ball
1-1: Swinging Strike
1-2: Foul Ball, location: 2F
1-2: Fly out, F8 (Flyball, 8RM)
Bottom of the 9th over - 0 run(s), 1 hit(s), 0 error(s), 1 left on base; Albuquerque 10 - Mile High 6
Tuesday, August 8th, 2017 - OOTP Baseball 17.12 Build 75